 Dungeon Crawl Stone Soup version 0.28-a0-689-ga55568f2eb (webtiles) character file.

Game seed: 11064357810103589617

536 EiAlmux the Magician (level 7, 0/50 HPs)
             Began as a Djinni Fire Elementalist on Oct 20, 2021.
             Slain by Duvessa (9 damage)
             ... on level 4 of the Dungeon.
             The game lasted 00:10:40 (6207 turns).

EiAlmux the Magician (Djinni Fire Elementalist)     Turns: 6207, Time: 00:10:41

Health: 0/50       AC:  4    Str:  7    XL:     7   Next: 50%
Gold:   137        EV: 13    Int: 19    God:
                   SH:  0    Dex: 13

rFire   + + .      SeeInvis .   u - +2 dagger (venom)
rCold   x . .      Faith    .   (no shield)
rNeg    . . .      Spirit   .   a - +0 robe
rPois   ∞          Reflect  .   r - +0 helmet
rElec   .          Harm     .   p - +0 cloak
rCorr   .          Rampage  .   (no gloves)
Will    .....                   (boots unavailable)
Stlth   ++........              f - amulet of the acrobat
HPRegen 0.16/turn               n - ring of wizardry
MPRegen 0.00/turn               (no ring)

@: flying
A: sickness immunity, fire resistance 2, cold vulnerability 1, float, innate
caster, hp casting, extra vitality 1
a: no special abilities


You were on level 4 of the Dungeon.
You visited 1 branch of the dungeon, and saw 5 of its levels.

You collected 137 gold pieces.

Inventory:

Hand Weapons
 u - a +2 dagger of venom (weapon)
Armour
 a - a +0 robe (worn)
 p - a +0 cloak (worn)
 r - a +0 helmet (worn)
Jewellery
 f - an amulet of the acrobat (around neck)
 n - a ring of wizardry (left hand)
 q - an amulet of faith
Wands
 v - a wand of flame (21)
Scrolls
 c - 2 scrolls of teleportation {unknown}
 d - 2 scrolls of enchant armour {unknown}
 g - a scroll of enchant weapon {unknown}
 i - a scroll of fear {unknown}
 j - a scroll of torment {unknown}
 l - 4 scrolls of identify {unknown}
 s - a scroll of noise {unknown}
Potions
 b - a potion of haste {unknown}
 e - a potion of brilliance {unknown}
 h - a potion of degeneration {unknown}
 k - 2 potions of heal wounds {unknown}
 m - a potion of flight {unknown}
 o - a potion of berserk rage {unknown}
 t - 3 potions of curing


   Skills:
 + Level 3.0 Fighting
 + Level 4.1 Dodging
 + Level 3.3 Stealth
 * Level 4.3 Spellcasting


You couldn't memorise any spells.
You knew the following spells:

 Your Spells              Type           Power      Damage    Failure   Level
a - Foxfire               Conj/Fire      80%        2x1d8     1%          1
b - Scorch                Fire           40%        2d7       1%          2
c - Conjure Flame         Conj/Fire      20%        6-21      2%          3
d - Inner Flame           Hex/Fire       20%        N/A       2%          3
e - Flame Wave            Conj/Fire      20%        3d6       9%          4
f - Freeze                Ice            80%        1d9       1%          1
g - Ensorcelled Hibernat  Hex/Ice        40%        N/A       1%          2
h - Spider Form           Tmut/Pois      10%        N/A       2%          3
Your spell library was empty.

Dungeon Overview and Level Annotations

Branches:
Dungeon (5/15)
 Temple: D:4-7

Altars:
Trog
The Shining One

Shops:
D:2 [

Annotations:
D:3 Sigmund
D:4 Dowan, Duvessa


Innate Abilities, Weirdness & Mutations

You are immune to sickness and miasma.
You are immune to poison.
Your flesh is very heat resistant. (rF++)
You are vulnerable to cold. (rC-)
You float through the air rather than walking.
You learn spells naturally, not from books.
Your magical power is your life essence.
You have superior vitality. (+4 HP)


Message History

Flames lash the iguana.
The iguana is severely wounded.
The iguana barely misses you. The orc hits you with a +0 dagger.
* * * LOW HITPOINT WARNING * * *
Casting: Scorch (safe; 1% risk of failure)
Confirm with . or Enter, or press ? or * to list all spells.
Flames lash the iguana.
The iguana is burned terribly!
You kill the iguana!
* * * LOW HITPOINT WARNING * * *
The orc closely misses you.
Casting: Scorch (safe; 1% risk of failure)
Confirm with . or Enter, or press ? or * to list all spells.
Flames lash the orc.
You kill the orc!
* * * LOW HITPOINT WARNING * * *
You start resting.
HP restored.
You can't go down here!
You fly upwards.
Level annotation: Duvessa Duvessa misses you.
The iguana bites you but does no damage.
Duvessa hits you with a +0 short sword. The iguana misses you.
There is a stone staircase leading down here.
Casting: Scorch (safe; 1% risk of failure)
Confirm with . or Enter, or press ? or * to list all spells.
Flames lash the iguana.
The iguana is moderately wounded.
The iguana's fire resistance burns away.
Duvessa hits you with a +0 short sword! The iguana bites you!
Casting: Scorch (safe; 1% risk of failure)
Confirm with . or Enter, or press ? or * to list all spells.
Flames lash the iguana.
The iguana is burned terribly!
The iguana is severely wounded.
Duvessa hits you with a +0 short sword!
* * * LOW HITPOINT WARNING * * *
Dowan, Brother of Duvessa comes into view.
He is wielding a +0 dagger.
The iguana closely misses you. Duvessa hits you with a +0 short sword!
You die...

###.# #........# ####.. #.#
##.#....#####..... #.#
##.#.##........... #[##
#..#...........##. #..#
###.##..####.###.##. #..###
#......## #..# #..#. #....#
###...#### #..## ##... #.##.#
##....e# ##.# #...
#.##.####[.##.@# ....######[).
###.##..........l###.####....)...
.............#...#...............
#...###.#.####.#.....##....###...
##..###.#..###.#........## #..#.
##.##..##........###### #.##.
#.#..###.....e..# ##.##.
#...##.>..##.#÷## #..##.
##...#..#.....#.# #####.###.


You could see Duvessa, Dowan and an iguana (combustible).

Vanquished Creatures
  A black bear (D:5)
  3 jellies (D:2)
  Natasha (twice) (D:3)
  4 iguanas
  An orc wizard (D:4)
  Robin (D:3)
  4 gnolls (D:3)
  A howler monkey skeleton (D:4)
  3 dart slugs (D:1)
  3 orcs
  14 endoplasms
  2 giant cockroaches
  11 goblins
  10 hobgoblins
  5 jackals
  4 quokkas
  7 ball pythons
  10 bats
  3 frilled lizards
  16 kobolds
  5 rats (D:1)
110 creatures vanquished.

Vanquished Creatures (others)
  54 foxfires
  6 fungi (D:2)
  9 toadstools (D:2)
69 creatures vanquished.

Grand Total: 179 creatures vanquished

Notes
Turn   | Place    | Note
-------+----------+-------------------------------------------
     0 | D:1      | EiAlmux the Djinni Fire Elementalist began the quest for
                  | the Orb.
     0 | D:1      | Reached XP level 1. HP: 15/15 MP: 0/0
   388 | D:1      | Reached XP level 2. HP: 21/22 MP: 0/0
   929 | D:1      | Reached XP level 3. HP: 22/26 MP: 0/0
   929 | D:1      | Learned a level 1 spell: Freeze
  1291 | D:1      | Reached skill level 1 in Fighting
  2131 | D:2      | Found Tag Var's Armour Shop.
  2261 | D:2      | Reached XP level 4. HP: 30/32 MP: 0/0
  2385 | D:2      | Found a faded altar of an unknown god.
  3160 | D:2      | Reached XP level 5. HP: 8/38 MP: 0/0
  3160 | D:2      | Learned a level 2 spell: Ensorcelled Hibernation
  3784 | D:2      | Reached XP level 6. HP: 41/43 MP: 0/0
  3910 | D:3      | Found a glowing golden altar of the Shining One.
  3930 | D:3      | Noticed Sigmund
  3980 | D:3      | Found a bloodstained altar of Trog.
  4244 | D:3      | Noticed Natasha
  4513 | D:3      | Killed Natasha
  4746 | D:3      | Noticed Robin
  4758 | D:3      | Killed Robin
  5096 | D:3      | Noticed Natasha
  5110 | D:3      | Killed Natasha
  5697 | D:4      | Reached XP level 7. HP: 45/49 MP: 0/0
  5697 | D:4      | Learned a level 3 spell: Spider Form
  5910 | D:4      | Noticed Duvessa
  5946 | D:5      | Entered Level 5 of the Dungeon
  6206 | D:4      | Noticed Dowan
  6207 | D:4      | Slain by Duvessa

Illustrated notes

Levels and vault maps discovered:
D:1:      amcnicky_arrival_gap_in_the_tavern_cellar, layout_loops_ring,
          minivault_5, minmay_hexomino_p4
D:2:      cheibrodos_fertilizer, layout_basic, serial_shops,
          nicolae_diamond_shop, basic_ecumenical_altar,
          chequers_serial_rivers_small_3, st_stairs_8
D:3:      cheibrodos_greedy_goblins, layout_loops_ring,
          gammafunk_temple_overflow_pools, mainiacjoe_overflow_catch_the_wave,
          uniq_robin, uniq_natasha, uniq_sigmund
D:4:      layout_rooms, pdpol_wu_jian_five_deadly_venoms, minivault_14,
          uniq_blork_the_orc, uniq_duvessa
D:5:      layout_cave_pools, nicolae_stop_n_shop_1, uniq_grinder

Skill      XL: |  1  2  3  4  5  6  7 |
---------------+----------------------+-----
Fighting       | 1 2 3 |  3.0
Stealth        | 2 3 |  3.3
Spellcasting   | 3 4 |  4.3
Dodging        | 3 4 |  4.1

Action                   |  1- 3 |  4- 6 |  7- 9 || total
-------------------------+-------+-------+-------++-------
Melee: Unarmed           |     4 |       |       ||     4
       Whip              |     2 |       |       ||     2
 Cast: Foxfire           |    17 |    14 |     5 ||    36
       Scorch            |    44 |    93 |    15 ||   152
       Ensorcelled Hiber |       |     2 |       ||     2
Armor: Robe              |     5 |     5 |     7 ||    17
Dodge: Dodged            |    19 |    32 |    13 ||    64

Table legend: (Time is in decaauts)
 A = Elapsed time spent in this place.
 B = Non-inter-level travel time spent in this place.
 C = Inter-level travel time spent in this place.
 D = Time resting spent in this place.
 E = Time spent auto-exploring this place.
 F = Levels seen in this place.
 G = Mean time per level.
                   A        B        C        D        E       F      G
               +--------+--------+--------+--------+--------+-----+--------+
         Total |   6207 |   6048 |    159 |   1154 |   4188 |   5 | 1241.4 |
       Dungeon |   6207 |   6048 |    159 |   1154 |   4188 |   5 | 1241.4 |
               +--------+--------+--------+--------+--------+-----+--------+

Top non-repeatable levels by time:
     D:2: 2154 daAuts
     D:1: 2129 daAuts
     D:3: 1003 daAuts
     D:4: 661 daAuts
     D:5: 257 daAuts
